 Dungeon Crawl Stone Soup version 0.28.0-43-g3370ac3207 (webtiles) character file.

Game seed: 15785729554621044174

87 Pinkishskies the Covered (level 4, -3/28 HPs)
             Began as a Gargoyle Fighter on Mar 8, 2022.
             Killed by divine providence
             ... invoked by an orc priest
              (14 damage)
             ... on level 3 of the Dungeon.
             The game lasted 00:05:00 (2391 turns).

Pinkishskies the Covered (Gargoyle Fighter)         Turns: 2391, Time: 00:05:01

Health: -3/28      AC: 12    Str: 21    XL:     4   Next: 51%
Magic:  4/4        EV:  9    Int:  9    God:
Gold:   69         SH:  4    Dex:  9    Spells: 3/3 levels left

rFire   . . .      SeeInvis .   a - +0 flail
rCold   . . .      Faith    .   c - +0 buckler
rNeg    + . .      Spirit   .   b - +0 scale mail
rPois   ∞          Reflect  .   (no helmet)
rElec   +          Harm     .   (no cloak)
rCorr   .          Rampage  .   (no gloves)
Will    .....                   g - +1 pair of boots
Stlth   ..........              (no amulet)
HPRegen 0.09/turn               (no ring)
MPRegen 0.09/turn               (no ring)

@: no status effects
A: sickness immunity, AC +3, negative energy resistance 1, electricity
resistance, torment resistance 1, petrification resistance
a: no special abilities


You were on level 3 of the Dungeon.
You visited 1 branch of the dungeon, and saw 3 of its levels.

You collected 69 gold pieces.

Inventory:

Hand Weapons
 a - a +0 flail (weapon)
 f - a +0 falchion of holy wrath
Armour
 b - a +0 scale mail (worn)
 c - a +0 buckler (worn)
 g - a +1 pair of boots (worn)
Scrolls
 e - 2 scrolls of identify {unknown}
 h - a scroll of blinking {unknown}
 j - a scroll of vulnerability {unknown}
 l - a scroll of fog {unknown}
 m - a scroll of immolation {unknown}
 n - a scroll of teleportation {unknown}
 o - a scroll of enchant weapon {unknown}
 p - a scroll of amnesia {unknown}
Potions
 d - a potion of might
 i - 2 potions of brilliance {unknown}
 k - a potion of berserk rage {unknown}


   Skills:
 + Level 3.6 Fighting
 + Level 3.2 Maces & Flails
 + Level 4.0 Armour
 + Level 0.5 Dodging
 + Level 3.7 Shields


You had 3 spell levels left.
You didn't know any spells.
Your spell library contained the following spells:

 Spells                   Type           Power      Damage    Failure   Level
 Sting                    Tmut/Pois      0%         1d3       80%         1
 Poisonous Vapours        Pois/Air       0%         N/A       91%         2
 Olgreb's Toxic Radiance  Pois           0%         N/A       100%        4
 Fireball                 Conj/Fire      0%         3d3       100%        5
 Iskenderun's Battlesphe  Conj           0%         2d6       100%        5
 Conjure Ball Lightning   Conj/Air       0%         3x3d6     100%        6
 Orb of Destruction       Conj           0%         9d5       100%        7


Dungeon Overview and Level Annotations

Branches:
Dungeon (3/15)

Altars:

Annotations:
D:3 Natasha


Innate Abilities, Weirdness & Mutations

You are immune to sickness and miasma.
Your stone body is resilient. (AC +3)
You are immune to poison.
You resist negative energy. (rN+)
You are resistant to electric shocks. (rElec)
You are resistant to unholy torment.
You are immune to petrification.


Message History

The orc hits you but does no damage.
You barely miss the orc priest. The orc priest barely misses you.
You block the orc's attack.
You closely miss the orc priest.
The orc priest hits you but does no damage.
The orc hits you but does no damage.
The orc priest hits you but does no damage.
You hit the orc priest but do no damage.
The orc hits you but does no damage. You block the orc priest's attack.
The orc closely misses you.
You barely miss the orc priest. The orc priest misses you.
You block the orc's attack.
Found a stone staircase leading up.
You barely miss the orc priest.
The orc priest hits you but does no damage.
You hit the orc priest but do no damage.
The orc priest mumbles some strange prayers to Beogh against you.
Pain shoots through your body!
Natasha, Servant of Life and Death comes into view.
Natasha moves out of view.
You hit the orc but do no damage.
The orc priest calls down the wrath of Beogh upon you.
Beogh smites you!
You are too injured to fight recklessly!
You are too injured to fight recklessly!
You thump the orc!
The orc is almost dead.
The orc hits you but does no damage. You block the orc's attack.
You sock the orc!
You kill the orc!
The orc hits you but does no damage.
You hit the orc but do no damage.
The orc is almost dead.
The orc priest hits you with a +0 mace. The orc hits you but does no damage.
You closely miss the orc.
The orc is almost dead.
The orc priest invokes the aid of Beogh against you.
Beogh smites you!
Ouch! That really hurt!
You die...

##.# ####.### #..
#..# #......# #..
###'###+......# #..
#≈≈≈≈≈##......# #..
#≈≈≈≈≈##......# #..
#≈≈≈≈≈##......####..
#≈≈≈≈≈#.......'.....
###o####......#####.
#..@oh.######## #.
#..##..# ## #.. ..#
.... .... ### .###.
.#### ... <. .. ..
#. #... # ## #. #.
#..≈ . #.#####≈♣.
###.....#≈≈.


You could see an orc priest, Natasha and an orc.

Vanquished Creatures
  A gnoll (D:1)
  An adder (D:2)
  3 dart slugs
  A worm (D:2)
  An orc (D:3)
  8 ball pythons
  5 endoplasms
  A giant cockroach (D:1)
  6 hobgoblins
  8 kobolds
  2 quokkas
  3 bats
  3 frilled lizards
  5 goblins
  11 rats
  A spectral hobgoblin (D:1)
60 creatures vanquished.

Notes
Turn   | Place    | Note
-------+----------+-------------------------------------------
     0 | D:1      | Pinkishskies the Gargoyle Fighter began the quest for the
                  | Orb.
     0 | D:1      | Reached XP level 1. HP: 14/14 MP: 1/1
   248 | D:1      | Reached XP level 2. HP: 19/19 MP: 2/2
   413 | D:1      | Reached XP level 3. HP: 11/23 MP: 3/3
   593 | D:1      | You fall into a shaft and drop 1 floor!
   666 | D:1      | Found a faded altar of an unknown god.
  1396 | D:1      | Reached XP level 4. HP: 28/28 MP: 4/4
  1867 | D:2      | Reached skill level 4 in Armour
  2386 | D:3      | Noticed Natasha
  2391 | D:3      | Killed from afar by an orc priest

Illustrated notes

Levels and vault maps discovered:
D:1:      dpeg_arrival_more_subterranean_lakeside_camping, layout_basic,
          dreamdust_ecumenical_altar_drowned_temple
D:2:      layout_loops_ring
D:3:      layout_basic, serial_rivers, chequers_serial_rivers_marsh,
          chequers_serial_rivers_micro_a, chequers_serial_rivers_room_b,
          chequers_serial_rivers_small_b, chequers_serial_rivers_small_b,
          chequers_serial_rivers_room_b, uniq_natasha

Skill      XL: |  1  2  3  4 |
---------------+-------------+-----
Maces & Flails | 3 |  3.2
Armour         | 4 |  4.0
Fighting       | |  3.6
Dodging        | |  0.5
Shields        | |  3.7

Action                   |  1- 3 |  4- 6 || total
-------------------------+-------+-------++-------
Melee: Flail             |   116 |    73 ||   189
Armor: Scale mail        |    82 |    42 ||   124
Dodge: Dodged            |    61 |    30 ||    91
Block: Buckler           |    25 |    16 ||    41
